 Dungeon Crawl Stone Soup version 0.25.0-1-g7eea58d2a3 (webtiles) character file.

Game seed: 1421719268127043843

39 Esekla the Skirmisher (level 3, -5/33 HPs)
             Began as a Formicid Wanderer on June 14, 2020.
             Slain by Sigmund
             ... wielding a +0 scythe
              (9 damage)
             ... on level 2 of the Dungeon.
             The game lasted 00:09:43 (1462 turns).

Esekla the Skirmisher (Formicid Wanderer)           Turns: 1462, Time: 00:09:43

Health: -5/33      AC:  3    Str: 16    XL:     3   Next: 67%
Magic:  3/3        EV: 11    Int: 12    God:
Gold:   78         SH:  0    Dex: 10    Spells: 2/3 levels left

rFire    . . .     SeeInvis +   a - +2 dagger
rCold    . . .     Gourm    .   (no shield)
rNeg     . . .     Faith    .   d - +1 robe {MR+}
rPois    .         Spirit   .   (helmet unavailable)
rElec    .         Reflect  .   (no cloak)
rCorr    .         Harm     .   (no gloves)
MR       +....                  (no boots)
Stlth    +++.......             (no amulet)
HPRegen  0.11/turn              c - ring of stealth
MPRegen  0.08/turn              (no ring)

@: no status effects
A: permanent stasis, dig shafts and tunnels, four strong arms, antennae 3
a: Dig, Shaft Self


You were on level 2 of the Dungeon.
You were not hungry.

You visited 1 branch of the dungeon, and saw 2 of its levels.

You collected 78 gold pieces.

Inventory:

Hand Weapons
 a - a +2 dagger (weapon)
 i - a +0 dagger of venom
Armour
 d - a +1 robe of magic resistance (worn)
Jewellery
 c - a ring of stealth (left hand)
Scrolls
 b - a scroll of fear
 g - a scroll of identify
 h - 2 scrolls of enchant armour {unknown}
 k - a scroll of blinking {unknown}
 l - a scroll of magic mapping {unknown}
 n - a scroll of remove curse {unknown}
Potions
 e - a potion of lignification
 j - a potion of flight
 m - a potion of haste
Comestibles
 f - 3 rations
 o - a chunk of flesh


   Skills:
 * Level 5.2 Fighting
 * Level 0.7 Short Blades
 + Level 1.1 Armour
 + Level 1.8 Stealth
 * Level 0.6 Spellcasting
 + Level 2.0 Fire Magic
   Level 1.2 Earth Magic
   Level 1.1 Evocations


You had 2 spell levels left.
You knew the following spells:

 Your Spells              Type           Power        Failure   Level  Hunger
a - Foxfire               Conj/Fire      #...         21%         1    ##.....

Your spell library contained the following spells:

 Spells                   Type           Power        Failure   Level  Hunger
 Freeze                   Ice            #...         32%         1    ##.....
 Ignite Poison            Fire/Tmut/Pois #.......     56%         3    ####...
 Ozocubu's Armour         Chrm/Ice       #.......     67%         3    ####...


Dungeon Overview and Level Annotations

Branches:
Dungeon (2/15)

Altars:

Annotations:
D:2 Sigmund


Innate Abilities, Weirdness & Mutations

You cannot be hasted, slowed, berserked, paralysed or teleported.
You can dig through walls and to a lower floor.
Your four strong arms can wield two-handed weapons with a shield.
You have a pair of large antennae on your head. (SInv)


Message History

You hear some strange, mumbled words.
A puff of flame appears from out of thin air!
The puff of flame hits you.
* * * LOW HITPOINT WARNING * * *
You barely miss something. Something hits you but does no damage.
You miss something. You hit something but do no damage.
You feel less wooden.
Your +1 robe of magic resistance unmelds from your body.
You feel resistant to hostile enchantments.
Sigmund barely misses you.
You hit Sigmund.
Sigmund is almost dead.
You hit Sigmund.
Sigmund is almost dead.
Sigmund barely misses you.
You hit Sigmund but do no damage.
Sigmund is almost dead.
Sigmund hits you with a +0 scythe!
You die...

#.##.#.#
#..#
#.....
#.##รท#.#
#..#
#.>....
#.##.#.#
#..#
......
#.#..).#
#..#
..######
#..# ###
##.# #.#
#.########
#?@@K.....
########..


You could see Sigmund and a kobold.

Vanquished Creatures
  A worm (D:2)
  A dart slug (D:1)
  A leopard gecko (D:1)
  3 bats
  3 giant cockroaches (D:1)
  2 goblins (D:1)
  7 hobgoblins
  2 jackals (D:2)
  A frilled lizard (D:1)
  4 kobolds
  5 rats
30 creatures vanquished.

Vanquished Creatures (others)
  4 foxfires
4 creatures vanquished.

Grand Total: 34 creatures vanquished

Notes
Turn   | Place    | Note
-------+----------+-------------------------------------------
     0 | D:1      | Esekla the Formicid Wanderer began the quest for the Orb.
     0 | D:1      | Esekla set off with the following items: a +2 dagger, a
                  | scroll of fear, a +0 robe, a ration; and the following
                  | spells available to memorise: Foxfire, Freeze, Ignite
                  | Poison, Ozocubu's Armour
     0 | D:1      | Reached XP level 1. HP: 20/20 MP: 1/1
   227 | D:1      | Reached XP level 2. HP: 26/26 MP: 2/2
   259 | D:1      | Learned a level 1 spell: Foxfire
   345 | D:1      | Reached skill level 5 in Fighting
   742 | D:1      | Reached XP level 3. HP: 30/33 MP: 3/3
  1418 | D:2      | Noticed Sigmund
  1462 | D:2      | Slain by Sigmund

Illustrated notes

Levels and vault maps discovered:
D:1:      noname_arrival_rooms_in_the_neighbourhood, layout_basic, hex_medium
D:2:      layout_basic, minivault_5, uniq_sigmund

Skill      XL: |  1  2 |
---------------+-------+-----
Fighting       | 5 |  5.2
Short Blades   | |  0.7
Armour         | |  1.1
Stealth        | |  1.8
Spellcasting   | |  0.6
Fire Magic     | |  2.0
Earth Magic    | |  1.2
Evocations     | |  1.1

Action                   || total
-------------------------++-------
Melee: Dagger            ||   120
 Cast: Foxfire           ||     3
  Use: Scroll            ||     2
       Potion            ||     1
 Stab: Sleeping          ||     9
  Eat: Chunk             ||     2
Armor: Robe              ||    17
       Skin              ||    13
Dodge: Dodged            ||    31
